 Dungeon Crawl Stone Soup version 0.29-a0-841-g116ddc6ace (webtiles) character file.

Game seed: 14350196662063954399

137 omnomnOMINOUS the Gusty (level 5, 0/52 HPs)
             Began as an Octopode Wanderer on July 15, 2022.
             Was a Follower of Ashenzari.
             Succumbed to Sigmund's poison
             ... on level 4 of the Dungeon.
             The game lasted 00:06:20 (2678 turns).

omnomnOMINOUS the Gusty (Octopode Wanderer)         Turns: 2678, Time: 00:06:21

Health: 0/52       AC:  7    Str:  8    XL:     5   Next: 20%
Magic:  6/6        EV: 13    Int: 19    God:    Ashenzari [*.....]
Gold:   112        SH:  0    Dex: 12    Spells: 5/6 levels left

rFire   + . .      SeeInvis .   b - +0 long sword
rCold   . . .      Faith    .   (no shield)
rNeg    . . .      Spirit   .   c - +2 hat of the Fated Lethargy {Fort, Elem} (curse)
rPois   .          Reflect  .   (no amulet)
rElec   .          Harm     .   g - ring "Ensconced Annoyance" {rF+, Melee, Evo} (curse)
rCorr   .          Rampage  .   i - ring "Mantic Seeker" {AC+4, Bglg, Evo} (curse)
Will    .....                   (no ring)
Stlth   ..........              (no ring)
HPRegen 0.17/turn               (no ring)
MPRegen 0.10/turn               (no ring)
                                (no ring)
                                (no ring)

@: berserking, lethally poisoned (0 -> -10), very quick
A: almost no armour, amphibious, 8 rings, camouflage 1, gelatinous body 1,
(nimble swimmer 1), tentacles
a: Renounce Religion, Curse Item, Shatter the Chains


You were on level 4 of the Dungeon.
You worshipped Ashenzari.
Ashenzari was aware of your devotion.
You visited 1 branch of the dungeon, and saw 4 of its levels.

You collected 112 gold pieces.

Inventory:

Hand Weapons
 a - a +0 dagger
 b - a +0 long sword (weapon)
Armour
 c - the cursed +2 hat of the Fated Lethargy (worn) {Fort, Elem}

   It has a curse which improves the following skills: Fortitude: Shields.
   Elements:  Fire Magic, Ice Magic, Air Magic and Earth Magic.
Jewellery
 g - the cursed ring "Ensconced Annoyance" (left tentacle) {rF+, Melee, Evo}
   (You found it on level 1 of the Dungeon)

   [ring of protection from fire]

   rF:        It protects you from fire.
   It has a curse which improves the following skills: Melee Combat: Short
   Blades, Long Blades, Axes, Maces & Flails, Polearms, Staves and Unarmed
   Combat.
   Evocations: Evocations.
 i - the cursed ring "Mantic Seeker" (right tentacle) {AC+4, Bglg, Evo}
   (You found it on level 2 of the Dungeon)

   [ring of protection]

   AC:        It affects your AC (+4).
   It has a curse which improves the following skills: Beguiling: Conjurations,
   Hexes and Translocations.
   Evocations: Evocations.
Scrolls
 f - 2 scrolls of identify
 h - 2 scrolls of teleportation
 r - a scroll of amnesia
Potions
 d - a potion of resistance
 e - a potion of degeneration
 j - 2 potions of berserk rage
 l - a potion of brilliance
 m - a potion of mutation
 o - a potion of haste
 p - a potion of might
 q - a potion of cancellation
 s - a potion of ambrosia


   Skills:
 + Level 2.4 Fighting
 + Level 2.1 Dodging
 - Level 1.3 Stealth
 - Level 1.0 Spellcasting
 + Level 2.1(2.8) Conjurations
 - Level 1.0 Necromancy
 + Level 5.5(6.4) Air Magic
 - Level 1.0 Invocations


You had 5 spell levels left.
You knew the following spells:

 Your Spells              Type           Power      Damage    Failure   Level
a - Shock                 Conj/Air       72%        1d7       2%          1

Your spell library contained the following spells:

 Spells                   Type           Power      Damage    Failure   Level
 Necrotise                Necr           16%        1d4       12%         1
 Freeze                   Ice            4%         1d3       19%         1
 Vampiric Draining        Necr           4%         2d6       36%         3
 Summon Lightning Spire   Summ/Air       13%        N/A       45%         4
 Frozen Ramparts          Ice            2%         1d2       47%         3
 Corpse Rot               Necr/Pois/Air  10%        N/A       56%         4
 Hailstorm                Conj/Ice       6%         3d4       71%         4


Dungeon Overview and Level Annotations

Branches:
Dungeon (4/15)
 Temple: D:4-7

Altars:
Ashenzari
Qazlal

Shops:
D:4 *

Annotations:
D:4 Sigmund


Innate Abilities, Weirdness & Mutations

You cannot wear most types of armour.
You are amphibious.
You can wear up to eight rings at the same time.
Your skin changes colour to match your surroundings (Stealth+).
Your rubbery body absorbs attacks. (AC +1, EV +1)
((You are camouflaged when in or above water. (Stealth+)))
You have tentacles for arms and can constrict up to eight enemies at once.


Message History

You barely miss something.
* * * LOW HITPOINT WARNING * * *
You feel extremely sick. Something hits you but does no damage.
You are more poisoned.
You feel much better.
You feel very sick.
You barely miss something.
You feel very sick. Something hits you!
You closely miss something. Your squeeze misses something.
You feel very sick. Something barely misses you.
You feel better. Something hits you.
You are poisoned.
You slash something! Your squeeze misses something.
You feel very sick. Something hits you!
* * * LOW HITPOINT WARNING * * *
Unknown command.
Okay, then.
Unknown command.
Okay, then.
Unknown command.
Unknown command.
Unknown command.
A red film seems to cover your vision as you go berserk!
You feel yourself moving faster!
You feel mighty!
* * * LOW HITPOINT WARNING * * *
You feel sick.
You closely miss something.
* * * LOW HITPOINT WARNING * * *
You feel sick. Something hits you but does no damage.
You are too berserk!
You hit something.
* * * LOW HITPOINT WARNING * * *
You feel sick. Something hits you but does no damage.
You are more poisoned.
You closely miss something. Your squeeze misses something.
You die...

..#+#.# #.'∩'.#
###'###### ###
..........+ ..#
########### #.#
......###### #.#
..##.......# #.#
..##.......# #{#
..##.......# ##@#
..##.......####..#.#..
.......................
...#######.........####
..## ###.....### ..
##...## . ......
##...##. ..... #


There were no monsters in sight!

Vanquished Creatures
  2 orc wizards (D:3)
  3 adders
  An ufetubus (D:4)
  An orc (D:3)
  4 bats
  2 endoplasms
  6 giant cockroaches
  4 goblins
  6 hobgoblins
  6 quokkas
  7 ball pythons
  3 frilled lizards
  4 kobolds
  5 rats
54 creatures vanquished.

Notes
Turn   | Place    | Note
-------+----------+-------------------------------------------
     0 | D:1      | omnomnOMINOUS the Octopode Wanderer began the quest for the
                  | Orb.
     0 | D:1      | omnomnOMINOUS set off with the following items: a +0
                  | dagger, a potion of berserk rage, a +0 hat; and the
                  | following spells available to memorise: Shock, Necrotise,
                  | Vampiric Draining, Summon Lightning Spire, Corpse Rot.
     0 | D:1      | Reached XP level 1. HP: 13/13 MP: 2/2
     2 | D:1      | Learned a level 1 spell: Shock
    97 | D:1      | Reached XP level 2. HP: 10/18 MP: 3/3
   489 | D:1      | Found a faded altar of an unknown god.
   491 | D:1      | Noticed a floating eye
   491 | D:1      | Noticed a great orb of eyes
   492 | D:1      | Noticed an eye of devastation
   492 | D:1      | Noticed a golden eye
   494 | D:1      | Reached skill level 1 in Dodging
   498 | D:1      | Prayed at the altar of an unknown god.
   498 | D:1      | Became a worshipper of Ashenzari the Shackled
   502 | D:1      | Reached skill level 1 in Conjurations
   591 | D:1      | Reached XP level 3. HP: 23/23 MP: 4/4
  1061 | D:2      | Reached * piety under Ashenzari
  1645 | D:3      | Reached XP level 4. HP: 28/29 MP: 5/5
  1992 | D:3      | Noticed a water elemental
  1995 | D:3      | Found a stormy altar of Qazlal.
  2029 | D:3      | Noticed a fire elemental
  2030 | D:3      | Noticed an earth elemental
  2030 | D:3      | Noticed an air elemental
  2423 | D:3      | Reached XP level 5. HP: 23/35 MP: 6/6
  2621 | D:4      | Found Inaxuab's General Store.
  2664 | D:4      | Noticed Sigmund
  2677 | D:4      | HP: 2/52 [poisoned by Sigmund]
  2678 | D:4      | Succumbed to Sigmund's poison

Illustrated notes

Levels and vault maps discovered:
D:1:      tarquinn_simple_flora_water_b, layout_basic,
          hellmonk_ecumenical_altar_watching_god
D:2:      layout_basic
D:3:      layout_loops_ring, nicolae_qazlal_style_of_elements,
          minmay_misc_feat_square, kennysheep_generic_room_11
D:4:      layout_basic, trog_butcher_becter, mainiacjoe_overflow_alcove_3,
          mainiacjoe_overflow_catch_the_wave, serial_shops, kennysheep_mini,
          minmay_fire_ice_demons, uniq_sigmund

Skill      XL: |  1  2  3  4 |
---------------+-------------+-----
Dodging        | 1 2 |  2.1
Conjurations   | 1 2 |  2.1
Fighting       | 2 |  2.4
Stealth        | |  1.3
Spellcasting   | |  1.0
Necromancy     | |  1.0
Air Magic      | |  5.5
Invocations    | |  1.0

Action                   |  1- 3 |  4- 6 || total
-------------------------+-------+-------++-------
Melee: Dagger            |    67 |       ||    67
       Tentacles         |    20 |     4 ||    24
       Constrict         |    21 |     6 ||    27
       Long sword        |    22 |    51 ||    73
       Punch             |     1 |       ||     1
Invok: Curse Item        |     2 |     1 ||     3
  Use: Scroll            |       |     2 ||     2
       Potion            |       |     3 ||     3
 Stab: Sleeping          |    12 |     6 ||    18
       Distracted        |     1 |       ||     1
Armor: Skin              |    20 |    14 ||    34
Dodge: Dodged            |    68 |    31 ||    99

Table legend: (Time is in decaauts)
 A = Elapsed time spent in this place.
 B = Non-inter-level travel time spent in this place.
 C = Inter-level travel time spent in this place.
 D = Time resting spent in this place.
 E = Time spent auto-exploring this place.
 F = Levels seen in this place.
 G = Mean time per level.
                   A        B        C        D        E       F      G
               +--------+--------+--------+--------+--------+-----+--------+
         Total |   2703 |   2587 |    116 |    101 |   2008 |   4 |  675.8 |
       Dungeon |   2703 |   2587 |    116 |    101 |   2008 |   4 |  675.8 |
               +--------+--------+--------+--------+--------+-----+--------+

Top non-repeatable levels by time:
     D:3: 1083 daAuts
     D:1: 781 daAuts
     D:2: 766 daAuts
     D:4: 71 daAuts
